 Dungeon Crawl Stone Soup version 0.29-a0-275-g389c0b56f3 (webtiles) character file.

Game seed: 6299619617202776157

0 enile the Digger (level 1, 0/11 HPs)
             Began as an Octopode Earth Elementalist on Mar 11, 2022.
             Slain by a quokka (2 damage)
             ... on level 1 of the Dungeon.
             The game lasted 00:00:11 (70 turns).

enile the Digger (Octopode Earth Elementalist)        Turns: 70, Time: 00:00:12

Health: 0/11       AC:  1    Str:  7    XL:     1   Next: 0%
Magic:  1/3        EV: 13    Int: 17    God:
Gold:   0          SH:  0    Dex: 12    Spells: 3/4 levels left

rFire   . . .      SeeInvis .   (no weapon)
rCold   . . .      Faith    .   (no shield)
rNeg    . . .      Spirit   .   (helmet restricted)
rPois   .          Reflect  .   (no amulet)
rElec   .          Harm     .   (no ring)
rCorr   .          Rampage  .   (no ring)
Will    .....                   (no ring)
Stlth   +++.......              (no ring)
HPRegen 0.03/turn               (no ring)
MPRegen 0.08/turn               (no ring)
                                (no ring)
                                (no ring)

@: no status effects
A: almost no armour, amphibious, 8 rings, camouflage 1, gelatinous body 1,
(nimble swimmer 1), tentacles
a: no special abilities


You were on level 1 of the Dungeon.
You visited 1 branch of the dungeon, and saw 1 of its levels.

Inventory:

Missiles
 a - 28 stones
Potions
 b - a potion of magic


   Skills:
 + Level 0.0 Fighting
 - Level 2.0 Dodging
 - Level 2.6 Stealth
 - Level 2.0 Spellcasting
 - Level 1.0 Transmutations
 - Level 3.0 Earth Magic


You had 3 spell levels left.
You knew the following spells:

 Your Spells              Type           Power      Damage    Failure   Level
a - Sandblast             Erth           22%        2d7       5%          1

Your spell library contained the following spells:

 Spells                   Type           Power      Damage    Failure   Level
 Passwall                 Tmut/Erth      6%         N/A       13%         2
 Stone Arrow              Conj/Erth      12%        3d7       30%         3
 Petrify                  Tmut/Erth      8%         N/A       63%         4


Dungeon Overview and Level Annotations

Branches:
Dungeon (1/15)

Altars:


Innate Abilities, Weirdness & Mutations

You cannot wear most types of armour.
You are amphibious.
You can wear up to eight rings at the same time.
Your skin changes colour to match your surroundings (Stealth+).
Your rubbery body absorbs attacks. (AC +1, EV +1)
((You are camouflaged when in or above water. (Stealth+)))
You have tentacles for arms and can constrict up to eight enemies at once.


Message History

Welcome, enile the Octopode Earth Elementalist.
Everyone else who sought the Orb of Zot has failed.
Will you be different?
Press ? for a list of commands and other information.
Found a staircase leading out of the dungeon.
You open the gate.
There is an open gate here.
There is a shaft here.
There is a fountain of clear blue water here.
There is a fountain of clear blue water here.
A frilled lizard comes into view.
The frilled lizard hisses angrily.
A kobold comes into view. It is wielding a +0 club.
There are monsters nearby!
There are monsters nearby!
There are monsters nearby!
A bat comes into view.
A quokka comes into view. x2
Found a scroll labelled QUJI AMAUSEXZU.
Casting: Sandblast (safe; 5% risk of failure)
Confirm with . or Enter, or press ? or * to list all spells.
Aiming: Sandblast (safe; 5% risk of failure)
Press: ? - help, Shift-Dir - straight line, f - frilled lizard
Aim: a frilled lizard (66% to hit)
The blast of sand misses the frilled lizard.
The frilled lizard barely misses you. The bat attacks as you move away!
The bat closely misses you. The bat hits you but does no damage.
The frilled lizard bites you. The kobold hits you with a +0 club.
The kobold hits you with a +0 club.
* * * LOW HITPOINT WARNING * * *
There are monsters nearby!
Casting: Sandblast (safe; 5% risk of failure)
Confirm with . or Enter, or press ? or * to list all spells.
Aiming: Sandblast (safe; 5% risk of failure)
Press: ? - help, Shift-Dir - straight line, f/p - frilled lizard
Aim: a frilled lizard (66% to hit)
The blast of sand hits the frilled lizard!
You kill the frilled lizard!
The bat closely misses you. The quokka closely misses you.
The kobold misses you. The quokka barely misses you. The quokka bites you.
You die...

#####.......
#...........
#...........
#...........
#.........
#.........
#...Kr#######
#....@r..?...
######...$.#######
#.......b.......
#...............
#.....♣.....♣.....
#.................#
#.....♣.....♣.....#
#.................#
#.....♣.....♣.....#


You could see 2 quokkas, a bat and a kobold.

Vanquished Creatures
  A frilled lizard (D:1)
1 creature vanquished.

Notes
Turn   | Place    | Note
-------+----------+-------------------------------------------
     0 | D:1      | enile the Octopode Earth Elementalist began the quest for
                  | the Orb.
     0 | D:1      | Reached XP level 1. HP: 11/11 MP: 3/3
    70 | D:1      | Slain by a quokka

Illustrated notes

Levels and vault maps discovered:
D:1:      wander_arrival_estate, layout_basic,
          chequers_ecumenical_altar_simple_redux, minmay_gold_behind_fungi

Action                   || total
-------------------------++-------
 Cast: Sandblast         ||     2
Armor: Skin              ||     1
Dodge: Dodged            ||     6

Table legend: (Time is in decaauts)
 A = Elapsed time spent in this place.
 B = Non-inter-level travel time spent in this place.
 C = Inter-level travel time spent in this place.
 D = Time resting spent in this place.
 E = Time spent auto-exploring this place.
 F = Levels seen in this place.
 G = Mean time per level.
                   A        B        C        D        E       F      G
               +--------+--------+--------+--------+--------+-----+--------+
         Total |     70 |     70 |      0 |      0 |     63 |   1 |   70.0 |
       Dungeon |     70 |     70 |      0 |      0 |     63 |   1 |   70.0 |
               +--------+--------+--------+--------+--------+-----+--------+

Top non-repeatable levels by time:
     D:1: 70 daAuts
